 Dungeon Crawl Stone Soup version 0.21-a0-151-ga4fe563 (webtiles) character file.

319 KristoblXynda the Slasher (level 6, 0/46 HPs)
             Began as a Vampire Berserker on July 30, 2017.
             Was a Priest of Trog.
             Slain by a gnoll
             ... wielding a +0 flail
              (8 damage)
             ... on level 3 of the Dungeon.
             The game lasted 00:06:31 (2396 turns).

KristoblXynda the Slasher (Vampire Berserker)       Turns: 2396, Time: 00:06:32

Health: 0/46       AC:  7    Str: 18    XL:     6   Next: 21%
Magic:  6/6        EV: 12    Int: 10    God:    Trog [***...]
Gold:   167        SH:  0    Dex: 13    Spells: 5/5 levels left

rFire    . . .     SeeInvis +   h - +2 dagger (drain)
rCold    . . .     Gourm    .   (no shield)
rNeg     + . .     Faith    .   m - +0 ring mail
rPois    +         Spirit   .   (no helmet)
rElec    .         Reflect  .   b - +1 cloak {rPois}
rCorr    .         Harm     .   (no gloves)
MR       .....                  (no boots)
Stlth    ++........             (no amulet)
HPRegen  0.15/turn              (no ring)
MPRegen  0.10/turn              (no ring)

@: no status effects
A: fangs 3, see invisible, unbreathing
a: Bat Form, Berserk, Trog's Hand, Burn Spellbooks, Renounce Religion


You were on level 3 of the Dungeon.
You worshipped Trog.
Trog was most pleased with you.
You were not thirsty.

You visited 1 branch of the dungeon, and saw 3 of its levels.

You collected 167 gold pieces.

Inventory:

Hand Weapons
 a - a +0 falchion
 h - a +2 dagger of draining (weapon)
Armour
 b - a +1 cloak of poison resistance (worn)
 m - a +0 ring mail (worn)
Wands
 f - a wand of lightning (5/15)
Scrolls
 l - a scroll of remove curse {unknown}
 n - 3 scrolls of magic mapping {unknown}
 p - 3 scrolls of blinking {unknown}
 q - a scroll of teleportation {unknown}
 r - a scroll of fear {unknown}
 t - a scroll of amnesia {unknown}
Potions
 c - 27 potions of blood
 d - a potion of magic
 g - 2 potions of lignification
 i - 2 potions of haste
 j - 2 potions of brilliance
 k - 2 potions of berserk rage
 o - a potion of invisibility
 s - a potion of curing


   Skills:
 - Level 2.6 Fighting
 * Level 5.2 Long Blades
 + Level 1.9 Armour
 - Level 4.0 Dodging
 + Level 4.8 Stealth


You had 5 spell levels left.
You didn't know any spells.

Dungeon Overview and Level Annotations

Branches:
Dungeon (3/15)

Altars:
Ashenzari
Zin


Innate Abilities, Weirdness & Mutations

You have razor-sharp teeth.
You have supernaturally acute eyesight. (SInv)
You can survive without breathing.


Message History

The gnoll is almost dead.
The gnoll closely misses you. x2; The gnoll hits you with a whip.
You hit the gnoll.
You kill the gnoll!
Trog accepts your kill. The gnoll barely misses you.
The gnoll hits you with a spear.
You barely miss the gnoll. You bite the gnoll.
The gnoll is heavily wounded.
The gnoll closely misses you. The gnoll hits you with a flail.
You puncture the gnoll!
The gnoll is almost dead.
You hit the gnoll but do no damage. You drain the gnoll!
You kill the gnoll!
Trog accepts your kill. The gnoll hits you with a flail!
* * * LOW HITPOINT WARNING * * *
You barely miss the gnoll.
The gnoll is moderately wounded.
The gnoll hits you with a flail!
You die...

.###... #.#..#
.####.# #..#####
........ ...(...
...≈≈≈≈≈ ≈≈≈
...≈≈≈≈≈ ≈≈
...≈≈≈≈≈ #####
........ #...#
'''#####
######g).# ...#
+....#@# ...#
#.)).).# ...#
#....###
...#########''##.#
...#...))........#
...'..8#.........#
...'..8#..##''##.#
..8#......#..).###
###########......#


You could see a gnoll.

Vanquished Creatures
  A gnoll shaman (D:3)
  Crazy Yiuf (D:2)
  Jessica (D:2)
  Robin (D:2)
  13 gnolls (D:3)
  2 adders (D:2)
  2 worms
  2 dart slugs
  3 leopard geckos
  2 giant cockroaches (D:1)
  13 goblins
  5 hobgoblins
  7 jackals
  2 quokkas
  A ball python (D:2)
  4 bats
  2 frilled lizards
  10 kobolds
  4 rats
76 creatures vanquished.

Notes
Turn   | Place    | Note
-------+----------+-------------------------------------------
     0 | D:1      | KristoblXynda the Vampire Berserker began the quest for the Orb.
     0 | D:1      | Reached XP level 1. HP: 17/17 MP: 1/1
   347 | D:1      | Found a shattered altar of Ashenzari.
   360 | D:1      | Reached skill level 1 in Stealth
   365 | D:1      | Reached XP level 2. HP: 19/23 MP: 2/2
   802 | D:2      | Reached ** piety under Trog
   862 | D:2      | Found a runed door.
   866 | D:2      | Noticed Crazy Yiuf
   872 | D:2      | Killed Crazy Yiuf
   872 | D:2      | Reached XP level 3. HP: 28/28 MP: 3/3
  1054 | D:2      | Reached XP level 4. HP: 32/34 MP: 4/4
  1073 | D:2      | Noticed Robin
  1106 | D:2      | Reached skill level 4 in Long Blades
  1128 | D:2      | Killed Robin
  1234 | D:2      | Found a glowing silver altar of Zin.
  1536 | D:2      | Noticed Jessica
  1548 | D:2      | Killed Jessica
  1824 | D:2      | Reached XP level 5. HP: 39/39 MP: 5/5
  2039 | D:3      | Reached *** piety under Trog
  2222 | D:3      | Reached skill level 5 in Long Blades
  2222 | D:3      | Reached XP level 6. HP: 27/46 MP: 6/6
  2396 | D:3      | Slain by a gnoll

Vault maps used:
D:1:      tarquinn_simple_flora_water_d, serial_bayou_lagoon_a,
          minmay_misc_feat_tiny, ashenzari_altar_1
D:2:      zin_statuary, uniq_crazy_yiuf_cottage, uniq_robin, uniq_jessica
D:3:      lemuel_castle_with_subvaults

Skill      XL: |  1  2  3  4  5 |
---------------+----------------+-----
Stealth        | 1 3 4 |  4.8
Dodging        | 3 4 |  4.0
Long Blades    | 4 5 |  5.2
Fighting       | |  2.6
Armour         | |  1.9

Action                   |  1- 3 |  4- 6 || total
-------------------------+-------+-------++-------
Melee: Falchion          |    13 |       ||    13
       Dagger            |    52 |   158 ||   210
       Bite              |     8 |    12 ||    20
Invok: Berserk           |     1 |     1 ||     2
  Use: Potion            |     2 |     5 ||     7
       Scroll            |       |     8 ||     8
 Stab: Sleeping          |     1 |     4 ||     5
Armor: Animal skin       |     4 |       ||     4
       Ring mail         |     7 |    43 ||    50
Dodge: Dodged            |    33 |    89 ||   122
       Rpst.: Falchion   |     1 |       ||     1
